 Dungeon Crawl Stone Soup version 0.27.0-66-gdc8fb28755 (webtiles) character file.

Game seed: 6738144450961798530

57 shadowrider38 the Conjurer (level 3, 0/19 HPs)
             Began as a Deep Elf Conjurer on Aug 19, 2021.
             Slain by a black bear (3 damage)
             ... on level 4 of the Dungeon.
             The game lasted 00:06:39 (2643 turns).

shadowrider38 the Conjurer (Deep Elf Conjurer)      Turns: 2643, Time: 00:06:39

Health: 0/19       AC:  3    Str:  4    XL:     3   Next: 73%
Magic:  7/10       EV: 12    Int: 23    God:
Gold:   64         SH:  0    Dex: 13    Spells: 8/9 levels left

rFire    . . .     SeeInvis .   a - +0 rapier
rCold    . . .     Faith    .   (no shield)
rNeg     . . .     Spirit   .   d - +0 robe
rPois    .         Reflect  .   e - +0 helmet
rElec    .         Harm     .   (no cloak)
rCorr    .         Rampage  .   (no gloves)
Will     .....                  (no boots)
Stlth    ++........             (no amulet)
HPRegen  0.06/turn              (no ring)
MPRegen  0.12/turn              (no ring)

@: no status effects
A: no striking features
a: no special abilities


You were on level 4 of the Dungeon.
You visited 1 branch of the dungeon, and saw 4 of its levels.

You collected 64 gold pieces.

Inventory:

Hand Weapons
 a - a +0 rapier (weapon)
Missiles
 c - 29 poisoned darts
 g - 42 stones
Armour
 d - a +0 robe (worn)
 e - a +0 helmet (worn)
Scrolls
 f - a scroll of teleportation {unknown}
 h - 2 scrolls of amnesia {unknown}
 j - a scroll of holy word {unknown}
 l - a scroll of identify
 p - a scroll of noise {unknown}
 q - a scroll of enchant armour {unknown}
Potions
 i - a potion of lignification {unknown}
 k - a potion of might {unknown}
 m - a potion of attraction {unknown}
 n - a potion of haste {unknown}
 o - 2 potions of curing {unknown}


   Skills:
 - Level 2.4 Dodging
 - Level 2.4 Stealth
 - Level 3.9 Spellcasting
 + Level 5.6 Conjurations


You had 8 spell levels left.
You knew the following spells:

 Your Spells              Type           Power      Damage    Failure   Level
a - Magic Dart            Conj           100%       1d8       1%          1

Your spell library contained the following spells:

 Spells                   Type           Power      Damage    Failure   Level
 Searing Ray              Conj           60%        3d5       1%          2
 Dazzling Flash           Conj/Hex       34%        N/A       10%         3
 Corona                   Hex            4%         N/A       11%         1
 Sting                    Tmut/Pois      16%        1d3       11%         1
 Ensorcelled Hibernation  Hex/Ice        8%         N/A       16%         2
 Poisonous Vapours        Pois/Air       8%         N/A       16%         2
 Tukima's Dance           Hex            4%         N/A       32%         3
 Fulminant Prism          Conj/Hex       8%         3d7       32%         4
 Iskenderun's Mystic Bla  Conj/Tloc      17%        2d5       32%         4
 Olgreb's Toxic Radiance  Pois           4%         N/A       71%         4


Dungeon Overview and Level Annotations

Branches:
Dungeon (3/15)

Altars:


Message History

The ball python is moderately wounded.
The ball python hisses angrily.
Aiming: Magic Dart (safe; 1% risk of failure)
Press: ? - help, Q - select action, (/) - cycle Shift-Dir - straight line, f/p - ball python
Aim: a ball python (moderately wounded, 100% to hit)
The magic dart hits the ball python!
You kill the ball python!
You see here a book of Conjurations.
The black bear growls angrily.
You see here a book of Conjurations.
You pick up a book of Conjurations and begin reading...
Unfortunately, you learned nothing new.
Aiming: Magic Dart (safe; 1% risk of failure)
Press: ? - help, Q - select action, (/) - cycle Shift-Dir - straight line, f - black bear
Aim: a black bear (100% to hit)
The magic dart hits the black bear.
The black bear is lightly wounded.
The black bear closely misses you. x2; The black bear claws you.
Aiming: Magic Dart (safe; 1% risk of failure)
Press: ? - help, Q - select action, (/) - cycle Shift-Dir - straight line, f/p - black bear
Aim: a black bear (lightly wounded, 100% to hit)
The magic dart hits the black bear.
The black bear is lightly wounded.
The black bear barely misses you. The black bear claws you. x2
Aiming: Magic Dart (safe; 1% risk of failure)
Press: ? - help, Q - select action, (/) - cycle Shift-Dir - straight line, f/p - black bear
Aim: a black bear (lightly wounded, 100% to hit)
The magic dart hits the black bear.
The black bear is lightly wounded.
The black bear bites you. The black bear closely misses you.
The black bear claws you.
* * * LOW HITPOINT WARNING * * *
As you read the scroll of summoning, it crumbles to dust.
Wisps of shadow whirl around you... The black bear closely misses you.
The black bear barely misses you.
The black bear claws you but does no damage.
The black bear barely misses you. The black bear claws you.
* * * LOW HITPOINT WARNING * * *
The black bear claws you.
You die...

.....#.#.#
.#.......##
#.##.......# ###
#. #.......#
#...#. #.......#
#...#.##.......#
#..............#
#........r.....#
#.......@#.>####
#......h.####
#.......g#
#......J.#
#......†.#
#........#
#...###### ####


You could see a black bear (ally target), a friendly jelly (summoned), a
friendly quokka (summoned) and a friendly goblin (summoned).

Vanquished Creatures
  An adder (D:2)
  A worm (D:2)
  A dart slug (D:3)
  4 orcs (D:2)
  4 endoplasms
  3 giant cockroaches (D:1)
  2 goblins (D:1)
  2 hobgoblins (D:1)
  3 quokkas
  5 ball pythons
  4 bats
  2 frilled lizards
  4 kobolds
  3 rats
39 creatures vanquished.

Notes
Turn   | Place    | Note
-------+----------+-------------------------------------------
     0 | D:1      | shadowrider38 the Deep Elf Conjurer began the quest for the
                  | Orb.
     0 | D:1      | Reached XP level 1. HP: 10/10 MP: 6/6
   464 | D:1      | Reached XP level 2. HP: 15/15 MP: 5/8
  1156 | D:2      | Reached skill level 5 in Conjurations
  1236 | D:2      | Reached XP level 3. HP: 19/19 MP: 8/10
  2338 | D:3      | You fall into a shaft and drop 1 floor!
  2625 | D:4      | Noticed a black bear
  2643 | D:4      | Slain by a black bear

Illustrated notes

Levels and vault maps discovered:
D:1:      minmay_arrival_nine_rooms, layout_basic,
          chequers_serial_rivers_micro_c
D:2:      layout_basic
D:3:      layout_basic, mainiacjoe_overflow_alcove_2, cheibrodos_gnoll_hut,
          uniq_sigmund
D:4:      layout_basic

Skill      XL: |  1  2 |
---------------+-------+-----
Conjurations   | 5 |  5.6
Dodging        | |  2.4
Stealth        | |  2.4
Spellcasting   | |  3.9

Action                   || total
-------------------------++-------
 Cast: Magic Dart        ||    81
  Use: Scroll            ||     2
Armor: Robe              ||     6
Dodge: Dodged            ||    15
